TOP OF THE 1ST |
Oakland Oaks batting - Pitching for Greenville 84s : LHP Zadock Dinkelmann
|
Pitching: LHP Zadock Dinkelmann
|
|
Batting: RHB Joseph Papasogli
|
0-0: Called Strike 0-1: Foul Ball, location: 2F 0-2: Ball 1-2: Ball 2-2: Ball 3-2: Strikes out looking
|
Batting: RHB Esteban Vázquez
|
0-0: Ball 1-0: Called Strike 1-1: Called Strike 1-2: Ground out 5-3 (Groundball, 56)
|
Batting: RHB Alfonso Nazario
|
0-0: Swinging Strike 0-1: Ball 1-1: Called Strike 1-2: Ball 2-2: Foul Ball, location: 2F 2-2: Foul Ball, location: 2F 2-2: Strikes out swinging
|
Top of the 1st over - 0 runs, 0 hits, 0 errors, 0 left on base; Oakland 0 - Greenville 0 |
BOTTOM OF THE 1ST |
Greenville 84s batting - Pitching for Oakland Oaks : RHP Miguel Cabañas
|
Pitching: RHP Miguel Cabañas
|
|
Batting: SHB Jorge Barrios
|
0-0: Fly out, F6 (Line Drive, 6)
|
Batting: LHB Danny Trautmann
|
0-0: Called Strike 0-1: Ball 1-1: Foul Ball, location: 2F 1-2: Ball 2-2: Foul Ball, location: 2F 2-2: Fly out, F7 (Flyball, 78S)
|
Batting: LHB Tim Stinson
|
0-0: Ball 1-0: Foul Ball, location: 2F 1-1: Swinging Strike 1-2: Ball 2-2: Strikes out swinging
|
Bottom of the 1st over - 0 runs, 0 hits, 0 errors, 0 left on base; Oakland 0 - Greenville 0 |
TOP OF THE 2ND |
Oakland Oaks batting - Pitching for Greenville 84s : LHP Zadock Dinkelmann
|
Batting: RHB Mike Wazowski
|
0-0: Swinging Strike 0-1: Ball 1-1: Ball 2-1: Ball 3-1: Foul Ball, location: 2F 3-2: Foul Ball, location: 2F 3-2: Foul Ball, location: 2F 3-2: Strikes out swinging
|
Batting: RHB Yosuke Hayashi
|
0-0: Called Strike 0-1: Ball 1-1: Swinging Strike 1-2: Strikes out swinging
|
Batting: RHB Cristián Coronado
|
0-0: Called Strike 0-1: Swinging Strike 0-2: Ball 1-2: Fly out, F9 (Line Drive, 89M)
|
Top of the 2nd over - 0 runs, 0 hits, 0 errors, 0 left on base; Oakland 0 - Greenville 0 |
BOTTOM OF THE 2ND |
Greenville 84s batting - Pitching for Oakland Oaks : RHP Miguel Cabañas
|
Batting: RHB Edgar Baeza
|
0-0: Fly out, F9 (Flyball, 89S)
|
Batting: LHB Ron Stewart
|
0-0: Ball 1-0: Fly out, F7 (Flyball, 78S)
|
Batting: RHB Wally Briggs
|
0-0: Fly out, F1 (Line Drive, 13)
|
Bottom of the 2nd over - 0 runs, 0 hits, 0 errors, 0 left on base; Oakland 0 - Greenville 0 |
TOP OF THE 3RD |
Oakland Oaks batting - Pitching for Greenville 84s : LHP Zadock Dinkelmann
|
Batting: RHB Randy Contreras
|
0-0: Called Strike 0-1: Foul Ball, location: 2F 0-2: Ball 1-2: Ground out 6-3 (Groundball, 6)
|
Batting: RHB José Vargas
|
0-0: SINGLE (Line Drive, 56)
|
Batting: LHB Roderick Simpson
|
0-0: Called Strike 0-1: Fly out, F7 (Flyball, 78D)
|
Batting: RHB Joseph Papasogli
|
0-0: Ball 1-0: SINGLE (Groundball, 6MD) José Vargas to second Runner from 2nd tries for 3rd, SAFE, no throw
|
Batting: RHB Esteban Vázquez
|
0-0: Ball 1-0: SINGLE (Flyball, 9LS) José Vargas scores Joseph Papasogli to second Runner from 2nd tries for 3rd, SAFE, no throw
|
Batting: RHB Alfonso Nazario
|
0-0: Ball 1-0: Called Strike 1-1: Ball 2-1: Foul Ball, location: 2F 2-2: SINGLE (Groundball, 6MD) Joseph Papasogli scores Esteban Vázquez to second Runner from 2nd tries for 3rd, SAFE, no throw
|
Batting: RHB Mike Wazowski
|
0-0: Fielders Choice at 2nd, 6-4 (Groundball, 6)
|
Top of the 3rd over - 2 runs, 4 hits, 0 errors, 2 left on base; Oakland 2 - Greenville 0 |
BOTTOM OF THE 3RD |
Greenville 84s batting - Pitching for Oakland Oaks : RHP Miguel Cabañas
|
Batting: RHB Jesús Torres
|
0-0: Foul Ball, location: 2F 0-1: Ball 1-1: Called Strike 1-2: Ball 2-2: Foul Ball, location: 2F 2-2: Ball 3-2: Ground out U3 (Groundball, 34)
|
Batting: RHB Erik Sterk
|
0-0: Called Strike 0-1: Ball 1-1: Called Strike 1-2: Ball 2-2: Ground out 6-3 (Groundball, 6)
|
Batting: RHB Lee Suárez
|
0-0: Called Strike 0-1: Ball 1-1: Called Strike 1-2: Strikes out swinging
|
Bottom of the 3rd over - 0 runs, 0 hits, 0 errors, 0 left on base; Oakland 2 - Greenville 0 |
TOP OF THE 4TH |
Oakland Oaks batting - Pitching for Greenville 84s : LHP Zadock Dinkelmann
|
Batting: RHB Yosuke Hayashi
|
0-0: Ball 1-0: Ground out 1-3 (Groundball, 13)
|
Batting: RHB Cristián Coronado
|
0-0: Foul Ball, location: 2F 0-1: Ball 1-1: Foul Ball, location: 2F 1-2: Ball 2-2: Fly out, F8 (Flyball, 89M)
|
Batting: RHB Randy Contreras
|
0-0: Called Strike 0-1: Ball 1-1: Foul Ball, location: 2F 1-2: Ball 2-2: Foul Ball, location: 2F 2-2: Strikes out swinging
|
Top of the 4th over - 0 runs, 0 hits, 0 errors, 0 left on base; Oakland 2 - Greenville 0 |
BOTTOM OF THE 4TH |
Greenville 84s batting - Pitching for Oakland Oaks : RHP Miguel Cabañas
|
Batting: SHB Jorge Barrios
|
0-0: Ball 1-0: Ball 2-0: Ball 3-0: Called Strike 3-1: Foul Ball, location: 2F 3-2: DOUBLE (Line Drive, 78D)
|
Batting: LHB Danny Trautmann
|
0-0: Ball 1-0: Ball 2-0: Ball 3-0: Called Strike 3-1: Called Strike 3-2: Foul Ball, location: 2F 3-2: Reached on error, E6 (Groundball, 6MD) Jorge Barrios to third
|
Batting: LHB Tim Stinson
|
0-0: Ball 1-0: Ball 2-0: Foul Ball, location: 2F 2-1: Fly out, F7 (Flyball, 7LS) Runner from 3rd tags up, SCORES, throw made
|
Batting: RHB Edgar Baeza
|
0-0: Swinging Strike 0-1: SINGLE (Flyball, 7LS) Danny Trautmann to second
|
Batting: LHB Ron Stewart
|
0-0: Fly out, F2 (Popup, 3SF)
|
Batting: RHB Wally Briggs
|
0-0: Foul Ball, location: 2F 0-1: Ground out 4-3 (Groundball, 4)
|
Bottom of the 4th over - 1 run, 2 hits, 1 error, 2 left on base; Oakland 2 - Greenville 1 |
TOP OF THE 5TH |
Oakland Oaks batting - Pitching for Greenville 84s : LHP Zadock Dinkelmann
|
Pitching: LHP Frenk Norman
|
|
Batting: RHB José Vargas
|
0-0: Ball 1-0: Fly out, F9 (Flyball, 89S)
|
Batting: LHB Roderick Simpson
|
0-0: Ball 1-0: Foul Ball, location: 2F 1-1: Fly out, F8 (Flyball, 8RD)
|
Batting: RHB Joseph Papasogli
|
0-0: Ball 1-0: Ground out 5-3 (Groundball, 56)
|
Top of the 5th over - 0 runs, 0 hits, 0 errors, 0 left on base; Oakland 2 - Greenville 1 |
BOTTOM OF THE 5TH |
Greenville 84s batting - Pitching for Oakland Oaks : RHP Miguel Cabañas
|
Pitching: RHP Yue-rong Chen
|
|
Batting: RHB Jesús Torres
|
0-0: Ground out 6-3 (Groundball, 6M)
|
Batting: RHB Erik Sterk
|
0-0: Fly out, F8 (Flyball, 8LM)
|
Batting: RHB Lee Suárez
|
0-0: Called Strike 0-1: Ball 1-1: Swinging Strike 1-2: Strikes out swinging
|
Bottom of the 5th over - 0 runs, 0 hits, 0 errors, 0 left on base; Oakland 2 - Greenville 1 |
TOP OF THE 6TH |
Oakland Oaks batting - Pitching for Greenville 84s : LHP Frenk Norman
|
Batting: RHB Esteban Vázquez
|
0-0: Ball 1-0: SINGLE (Line Drive, 7S)
|
Batting: RHB Alfonso Nazario
|
0-0: Ball 1-0: Ball 2-0: Called Strike Esteban Vázquez steals 2nd base 2-1: Intentional Walk
|
Batting: RHB Mike Wazowski
|
0-0: Called Strike 0-1: Foul Ball, location: 2F 0-2: Ball 1-2: SINGLE (Flyball, 7LS) Esteban Vázquez to third Alfonso Nazario to second Runner from 3rd tries for Home, SAFE, throw made home
|
Batting: RHB Yosuke Hayashi
|
0-0: Fly out, F8 (Flyball, 8LD) Runner from 2nd tags up, SAFE at 3rd with throw
|
Batting: RHB Cristián Coronado
|
0-0: Ball Mike Wazowski steals 2nd base 1-0: Foul Ball, location: 2F 1-1: Fly out, F9 (Flyball, 9S)
|
Batting: RHB Randy Contreras
|
0-0: Called Strike 0-1: Foul Ball, location: 2F 0-2: Strikes out swinging
|
Top of the 6th over - 1 run, 2 hits, 0 errors, 2 left on base; Oakland 3 - Greenville 1 |
BOTTOM OF THE 6TH |
Greenville 84s batting - Pitching for Oakland Oaks : RHP Yue-rong Chen
|
Batting: SHB Jorge Barrios
|
0-0: Ball 1-0: Called Strike 1-1: Called Strike 1-2: Strikes out swinging
|
Batting: LHB Danny Trautmann
|
0-0: Ball 1-0: SINGLE (Flyball, 89M)
|
Batting: LHB Tim Stinson
|
0-0: Called Strike 0-1: Foul Ball, location: 2F 0-2: Strikes out swinging
|
Batting: RHB Edgar Baeza
|
0-0: Foul Ball, location: 2F 0-1: Ball 1-1: Ball 2-1: Ball 3-1: Foul Ball, location: 2F 3-2: Fly out, F7 (Flyball, 7)
|
Bottom of the 6th over - 0 runs, 1 hit, 0 errors, 1 left on base; Oakland 3 - Greenville 1 |
TOP OF THE 7TH |
Oakland Oaks batting - Pitching for Greenville 84s : LHP Frenk Norman
|
Batting: RHB José Vargas
|
0-0: Ball 1-0: Swinging Strike 1-1: SINGLE (Groundball, 34D)
|
Batting: LHB Roderick Simpson
|
0-0: Called Strike 0-1: Ball 1-1: Swinging Strike 1-2: Fly out, F4 (Line Drive, 4)
|
Batting: RHB Armando Rodríguez
|
0-0: Foul Ball, location: 2F 0-1: Swinging Strike 0-2: Foul Ball, location: 2F 0-2: 2-RUN HOME RUN (Flyball, 7D), Distance : 374 ft
|
Pitching: RHP Mau Delgado
|
|
Batting: RHB Esteban Vázquez
|
0-0: Ball 1-0: Called Strike 1-1: Called Strike 1-2: Foul Ball, location: 2F 1-2: Strikes out looking
|
Pinch Hitting: LHB Ed Berry
|
0-0: Ball 1-0: Swinging Strike 1-1: Ball 2-1: Ball 3-1: Foul Ball, location: 2F 3-2: Base on Balls
|
Pinch Hitting: RHB Raúl Chávez
|
0-0: Foul Ball, location: 2F 0-1: Foul Ball, location: 2F 0-2: Ball 1-2: Foul Ball, location: 2F 1-2: Strikes out swinging
|
Top of the 7th over - 2 runs, 2 hits, 0 errors, 1 left on base; Oakland 5 - Greenville 1 |
BOTTOM OF THE 7TH |
Greenville 84s batting - Pitching for Oakland Oaks : RHP Yue-rong Chen
|
Now at 1B: Ed Berry
|
|
Now in RF: Raúl Chávez
|
|
Batting: LHB Ron Stewart
|
0-0: Ball 1-0: Called Strike 1-1: Foul Ball, location: 2F 1-2: Strikes out swinging
|
Batting: RHB Wally Briggs
|
0-0: Ball 1-0: Ground out 5-3 (Groundball, 56S)
|
Batting: RHB Jesús Torres
|
0-0: Ground out 6-3 (Groundball, 6)
|
Bottom of the 7th over - 0 runs, 0 hits, 0 errors, 0 left on base; Oakland 5 - Greenville 1 |
TOP OF THE 8TH |
Oakland Oaks batting - Pitching for Greenville 84s : RHP Mau Delgado
|
Batting: RHB Yosuke Hayashi
|
0-0: Called Strike 0-1: Ground out 5-3 (Groundball, 25)
|
Batting: RHB Cristián Coronado
|
0-0: Called Strike 0-1: Ball 1-1: Ball 2-1: Ground out 6-3 (Groundball, 6M)
|
Pinch Hitting: LHB Tim O'Neal
|
0-0: Called Strike 0-1: Ball 1-1: Ball 2-1: Fly out, F8 (Flyball, 8LS)
|
Top of the 8th over - 0 runs, 0 hits, 0 errors, 0 left on base; Oakland 5 - Greenville 1 |
BOTTOM OF THE 8TH |
Greenville 84s batting - Pitching for Oakland Oaks : RHP Yue-rong Chen
|
Now in CF: Tim O'Neal
|
|
Batting: RHB Erik Sterk
|
0-0: Called Strike 0-1: Swinging Strike 0-2: Ball 1-2: Ground out 6-3 (Groundball, 6)
|
Batting: RHB Lee Suárez
|
0-0: SINGLE (Groundball, 56S) (infield hit)
|
Pinch Hitting: LHB Craig Morgan
|
0-0: Called Strike 0-1: Swinging Strike 0-2: Ball 1-2: Foul Ball, location: 2F 1-2: Ball 2-2: Ball 3-2: Ground out 4-3 (Groundball, 34) Lee Suárez to second
|
Batting: RHB Jimbob Ghostkeeper
|
0-0: Ball 1-0: Called Strike 1-1: Foul Ball, location: 2F 1-2: Fly out, F5 (Popup, 5SF)
|
Bottom of the 8th over - 0 runs, 1 hit, 0 errors, 1 left on base; Oakland 5 - Greenville 1 |
TOP OF THE 9TH |
Oakland Oaks batting - Pitching for Greenville 84s : RHP Mau Delgado
|
Now at SS: Craig Morgan
|
|
Pinch Hitting: RHB Colin O'Connell
|
0-0: Ball 1-0: Swinging Strike 1-1: Ground out 5-3 (Groundball, 56)
|
Batting: LHB Roderick Simpson
|
0-0: Called Strike 0-1: Ball 1-1: Ball 2-1: Called Strike 2-2: Strikes out swinging
|
Batting: RHB Armando Rodríguez
|
0-0: Called Strike 0-1: Ball 1-1: Ball 2-1: Ball 3-1: Called Strike 3-2: Strikes out swinging
|
Top of the 9th over - 0 runs, 0 hits, 0 errors, 0 left on base; Oakland 5 - Greenville 1 |
BOTTOM OF THE 9TH |
Greenville 84s batting - Pitching for Oakland Oaks : RHP Yue-rong Chen
|
Now at C: Colin O'Connell
|
|
Pinch Hitting: RHB Doug Allerdale
|
0-0: Ball 1-0: Called Strike 1-1: Ball 2-1: Swinging Strike 2-2: Foul Ball, location: 2F 2-2: Strikes out swinging
|
Pinch Hitting: LHB Felipe Soto
|
0-0: DOUBLE (Flyball, 89D)
|
Pinch Hitting: LHB Dallas Ihde
|
0-0: Ball 1-0: Ball 2-0: Called Strike 2-1: Ball 3-1: Base on Balls
|
Pitching: LHP Augusto Vélez
|
|
Pinch Hitting: RHB Jon Moon
|
0-0: Called Strike 0-1: Ball 1-1: Ball 2-1: Ball 3-1: Foul Ball, location: 2F 3-2: Base on Balls Felipe Soto to third Dallas Ihde to second
|
Pinch Hitting: RHB Thom Beach
|
0-0: Fly out, F8 (Flyball, 8RXD) Runner from 3rd tags up, SCORES, no throw Dallas Ihde to third
|
Pinch Hitting: RHB Scott Dourque
|
0-0: Ball 1-0: Ball 2-0: Called Strike Pickoff Throw to First - Error! E1 Dallas Ihde scores Jon Moon to second 2-1: Ball 3-1: Base on Balls
|
Pinch Hitting: RHB Yasuhide Nakashima
|
0-0: Called Strike 0-1: Called Strike 0-2: Foul Ball, location: 2F 0-2: Strikes out swinging
|
Bottom of the 9th over - 2 runs, 1 hit, 1 error, 2 left on base; Oakland 5 - Greenville 3 |
|